 Dungeon Crawl Stone Soup version 0.29.0-13-gc9e81de378 (webtiles) character file.

Game seed: 17490278374665629058

66609 freelancePsychic the Fighter (level 15, -2/101 HPs)
             Began as a Kobold Hedge Wizard on Sept 7, 2022.
             Was a High Priest of Elyvilon.
             Slain by a very large slime creature (50 damage)
             ... on level 12 of the Dungeon.
             The game lasted 00:58:50 (25548 turns).

freelancePsychic the Fighter (Kobold Hedge Wizard) Turns: 25548, Time: 00:58:51

Health: -2/101     AC: 11    Str:  7    XL:     15   Next: 62%
Magic:  25/25      EV: 27    Int: 16    God:    Elyvilon [*****.]
Gold:   580        SH: 13    Dex: 22    Spells: 19/20 levels left

rFire   + . .      SeeInvis +   a - +5 dagger (venom)
rCold   . . .      Faith    +   y - +0 kite shield
rNeg    . . .      Spirit   .   H - +0 steam dragon scales
rPois   +          Reflect  .   p - +2 helmet
rElec   +          Harm     .   K - +0 cloak of the Cockatrice {rElec Stlth+}
rCorr   .          Rampage  .   O - +0 pair of gloves
Will    +....                   z - +0 pair of boots
Stlth   ++++++++..              U - amulet "Cire" {Faith Contam rPois Regen+}
HPRegen 1.06/turn               R - ring of the Past {rF+ EV+4}
MPRegen 0.19/turn               v - ring of see invisible

@: no status effects
A: small, no large weapons, nightstalker 3
a: Renounce Religion, Purification, Heal Other, Heal Self, Divine Vigour


You were on level 12 of the Dungeon.
You worshipped Elyvilon.
Elyvilon was extremely pleased with you.
You visited 2 branches of the dungeon, and saw 17 of its levels.
You also visited: Gauntlet, Ice Cave and Volcano.

You collected 1337 gold pieces.
You spent 757 gold pieces at shops.

Inventory:

Hand Weapons
 a - a +5 dagger of venom (weapon)
 b - a +2 dagger of electrocution
Missiles
 J - a throwing net
Armour
 g - a +2 robe of the Archmagi
 l - a +0 leather armour of poison resistance
 n - +0 fire dragon scales
 p - a +2 helmet (worn)
 w - a +2 leather armour of cold resistance
 y - a +0 kite shield (worn)
 z - a +0 pair of boots (worn)
 E - a +0 robe
 H - +0 steam dragon scales (worn)
 K - the +0 cloak of the Cockatrice (worn) {rElec Stlth+}
   (You bought it in a shop on level 11 of the Dungeon)

   rElec:     It insulates you from electricity.
   Stlth:     It makes you more stealthy.
 O - a +0 pair of gloves (worn)
 X - the +3 ring mail of Nuhyseb {rF+ rC- Dex+8}
   (You found it on level 5 of the Lair of Beasts)

   Dex:       It affects your dexterity (+8).
   rF:        It protects you from fire.
   rC:        It makes you vulnerable to cold.
Jewellery
 v - a ring of see invisible (right hand)
 B - a ring of protection from cold
 M - the amulet of Accord {Faith MP+9 Int+3 Dex+4}
   (You found it in a Gauntlet)

   [amulet of faith]

   It allows you to gain divine favour quickly.
   Int:       It affects your intelligence (+3).
   Dex:       It affects your dexterity (+4).
   MP:        It affects your magic capacity (+9).
 P - a +6 ring of dexterity
 R - the ring of the Past (left hand) {rF+ EV+4}
   (You found it in a Gauntlet)

   [ring of evasion]

   EV:        It affects your evasion (+4).
   rF:        It protects you from fire.
 U - the amulet "Cire" (around neck) {Faith Contam rPois Regen+}
   (You found it in a Gauntlet)

   [amulet of faith]

   It allows you to gain divine favour quickly.
   rPois:     It protects you from poison.
   Contam:    It causes magical contamination when unequipped.
   Regen:     It increases your rate of health regeneration.
Wands
 j - a wand of paralysis (1)
 A - a wand of flame (6)
 Q - a wand of mindburst (5)
Scrolls
 e - 8 scrolls of teleportation {@r4}
 r - a scroll of fear
 u - 3 scrolls of vulnerability
 C - 2 scrolls of enchant armour
 F - 2 scrolls of amnesia
 I - 2 scrolls of poison
 N - a scroll of blinking
Potions
 c - 5 potions of mutation
 d - 2 potions of magic
 h - 11 potions of curing {@q1}
 i - 3 potions of lignification
 k - 2 potions of brilliance
 o - 3 potions of heal wounds {@q2}
 q - 5 potions of might
 t - a potion of resistance
 x - a potion of flight
 D - 2 potions of haste {@q3}
 G - 2 potions of ambrosia
 L - a potion of degeneration
 V - a potion of invisibility
 W - a potion of berserk rage
Miscellaneous
 f - a tin of tremorstones (2/2)
 m - a phantom mirror


   Skills:
 + Level 14.5 Fighting
 - Level 10.0 Short Blades
 + Level 12.2 Dodging
 - Level 14.0 Stealth
 * Level 9.3 Shields
 - Level 3.2 Spellcasting
 - Level 1.0 Conjurations
 - Level 1.0 Summonings
 - Level 1.0 Translocations
 * Level 13.9 Invocations
 - Level 3.0 Evocations


You had 19 spell levels left.
You knew the following spells:

 Your Spells              Type           Power      Damage    Failure   Level
a - Magic Dart            Conj           20%        1d4       38%         1

Your spell library contained the following spells:

 Spells                   Type           Power      Damage    Failure   Level
 Summon Small Mammal      Summ           20%        N/A       38%         1
 Foxfire                  Conj/Fire      16%        2x1d4     45%         1
 Shock                    Conj/Air       16%        1d4       45%         1
 Freeze                   Ice            8%         1d3       52%         1
 Slow                     Hex            8%         N/A       52%         1
 Blink                    Tloc           10%        N/A       52%         2
 Call Imp                 Summ           5%         N/A       52%         2
 Static Discharge         Conj/Air       4%         3-4/arc   58%         2
 Sublimation of Blood     Necr           2%         N/A       67%         2
 Wereblood                Tmut           2%         N/A       67%         2
 Call Canine Familiar     Summ           5%         N/A       77%         3
 Gell's Gravitas          Tloc           5%         N/A       77%         3
 Teleport Other           Tloc           5%         N/A       77%         3
 Conjure Flame            Conj/Fire      4%         6-21      83%         3
 Summon Guardian Golem    Hex/Summ       4%         N/A       83%         3
 Mephitic Cloud           Conj/Pois/Air  3%         N/A       85%         3
 Frozen Ramparts          Ice            4%         1d1       88%         3
 Inner Flame              Hex/Fire       2%         N/A       88%         3
 Ozocubu's Armour         Ice            2%         N/A       88%         3
 Swiftness                Air            2%         N/A       88%         3
 Airstrike                Air            1%         2d(1-17)  99%         4
 Flame Wave               Conj/Fire      4%         2d5       99%         4
 Hailstorm                Conj/Ice       4%         3d4       99%         4
 Ice Form                 Ice/Tmut       2%         N/A       99%         4
 Lightning Bolt           Conj/Air       2%         1d13      100%        5
 Dispersal                Tloc           2%         N/A       100%        6
 Simulacrum               Ice/Necr       1%         N/A       100%        6
 Ozocubu's Refrigeration  Ice            1%         4d7       100%        7
 Summon Hydra             Summ           2%         N/A       100%        7
 Maxwell's Capacitive Co  Air            1%         ∞         100%        8


Dungeon Overview and Level Annotations

Branches:
Dungeon (12/15)            Temple (0/1) D:6            Lair (5/5) D:11
  Swamp (0/4) Lair:2        Snake (0/4) Lair:3        Slime (0/5) Lair:4
    Orc (0/2) D:9           IceCv (visited)         Volcano (visited)
Gauntlet (visited)

Altars:
Dithmenos
Elyvilon
Gozag
Hepliaklqana
Kikubaaqudgha
Makhleb
Nemelex Xobeh
Sif Muna
Trog
Uskayaw
Vehumet
Wu Jian
Xom
Yredelemnul
Zin
The Shining One
Jiyva

Shops:
D:7 ?   D:11 *([

Annotations:
D:11 exclusions: door, hydra and skeletal warrior
D:12 Rupert
Lair:3 Gastronok
Lair:5 exclusion: obsidian statue


Innate Abilities, Weirdness & Mutations

You are small and have problems with some larger weapons.
You are completely attuned to the shadows.


Message History

A slime creature comes into view.
Found a ring of magical power.
The slime creature quivers. x4
You hit the slime creature.
The slime creature is lightly wounded.
The slime creature hits you but does no damage.
Two slime creatures merge to form a large slime creature.
The slime creature barely misses you.
The slime creature quivers.
You hit the slime creature.
The slime creature is lightly wounded.
You puncture the slime creature!
The slime creature is moderately wounded.
Two slime creatures merge to form a large slime creature.
You block the slime creature's attack.
Two slime creatures merge to form a very large slime creature.
You hit the slime creature but do no damage.
The slime creature is moderately wounded.
The very large slime creature completely misses you.
The slime creature misses you.
You hit the slime creature.
The slime creature is moderately wounded.
You hit the slime creature.
The slime creature is moderately wounded.
You block the large slime creature's attack.
The very large slime creature hits you!!!
Ouch! That really hurt!
The slime creature closely misses you.
You are too injured to fight recklessly!
You are too injured to fight recklessly!
You are too injured to fight recklessly!
You are too injured to fight recklessly!
You are too injured to fight recklessly!
You are too injured to fight recklessly!
You are too injured to fight recklessly!
You are too injured to fight recklessly!
You are too injured to fight recklessly!
The very large slime creature attacks as you move away!
The very large slime creature hits you!!!
You die...

........#
#####.......#
#.#.........#
#...........#
#.#.#.#<...# ##
#..........#.......
#.....#[...#.#.#.#
#.....#....#.$#J#.#
#....##....#.#@J...
#....##.†..'..#J=.#
#....##....#.#.....
#....##....#..#.#.#
#.###......#.#.#.#.
#.###......#......
#..........#
#...........#
#...........#


You could see a very large slime creature, a large slime creature and a slime
creature.

Vanquished Creatures
  Nessos (Lair:3)
  2 dire elephants (Lair:5)
  3 hydras
  4 boulder beetles
  2 centaur warriors (D:8)
  Urug (D:10)
  Amaemon (Lair:2)
  A spectral death yak (Lair:5)
  A spectral anaconda (Lair:5)
  4 bog bodies
  A spectral hydra (Gauntlet)
  2 lindwurms
  A necromancer (Lair:5)
  An ugly thing (D:11)
  A cyclops (D:11)
  Joseph (D:7)
  A dire elephant zombie (Lair:5)
  17 elephants
  2 molten gargoyles (Volcano)
  10 cane toads
  An ice statue (IceCv)
  A rime drake (Lair:4)
  An orange demon (Lair:2)
  3 ice devils (IceCv)
  A dire elephant skeleton (Lair:5)
  2 unseen horrors
  An efreet (D:11)
  A freezing wraith (IceCv)
  9 komodo dragons
  2 trolls
  3 polar bears
  A tarantella (shapeshifter) (D:11)
  14 blink frogs
  13 dream sheep
  Prince Ribbit (Lair:3)
  A spectral elephant (Lair:5)
  A dire elephant simulacrum (Lair:5)
  3 wraiths
  8 shadows
  60 yaks
  3 basilisks
  11 fire bats
  4 wyverns
  2 death yak simulacra
  A vampire mosquito (D:8)
  5 steam dragons
  A warg (D:9)
  Menkaure (D:5)
  4 nagas (Lair:3)
  2 spectral cane toads (Lair:5)
  An acid dragon (D:10)
  11 water moccasins
  A hydra simulacrum (IceCv)
  2 hell hounds (Volcano)
  An elephant zombie (Lair:5)
  2 ice beasts
  A black bear (Lair:4)
  An ogre (D:6)
  9 wolves
  3 elephant skeletons (Lair:5)
  3 centaurs
  A kobold brigand (D:8)
  12 bullfrogs
  5 scorpions
  2 necrophages
  6 two-headed ogre simulacra (IceCv)
  6 cane toad simulacra
  8 wights
  An elephant simulacrum (IceCv)
  5 killer bees (D:9)
  4 howler monkeys
  An electric eel (Lair:2)
  A crimson imp (D:6)
  3 lava snakes (Volcano)
  5 orc priests
  2 jellies
  Crazy Yiuf (D:5)
  3 gnoll boudas
  7 iguanas
  Ijyb (D:5)
  11 orc wizards
  A spriggan simulacrum (IceCv)
  6 troll simulacra (IceCv)
  A wolf simulacrum (IceCv)
  3 polar bear simulacra (IceCv)
  12 gnolls
  6 naga simulacra (IceCv)
  7 adders
  2 shadow imps
  23 white imps
  7 ufetubi (IceCv)
  3 worms
  3 dart slugs
  26 orcs
  8 ball pythons
  7 endoplasms
  3 giant cockroaches
  9 goblins
  6 hobgoblins
  7 jackals
  5 quokkas
  2 bats
  10 frilled lizards
  A goblin skeleton (D:4)
  A goblin zombie (D:4)
  4 hobgoblin zombies (D:4)
  10 kobolds
  A kobold skeleton (D:4)
  2 kobold zombies (D:4)
  An orc skeleton (D:4)
  2 orc zombies (D:4)
  4 rats
521 creatures vanquished.

Vanquished Creatures (others)
  2 dire elephants (Lair:5)
  A hydra (Lair:5)
  Erolcha (D:10)
  2 necromancers (Lair:5)
  A rime drake (Lair:5)
  A dream sheep (Lair:5)
  A steam dragon (D:9)
  2 water moccasins (D:11)
  An orc warrior (D:8)
  2 wolves (Lair:4)
  A kobold brigand (D:9)
  A howler monkey (D:10)
  An orc wizard (D:9)
  A white imp (D:11)
  2 orcs (D:6)
  A ball python (D:3)
  2 fire vortices (D:11)
  30 fungi
  55 plants
  23 withered plants (Lair:5)
131 creatures vanquished.

Grand Total: 652 creatures vanquished

Notes
Turn   | Place    | Note
-------+----------+-------------------------------------------
     0 | D:1      | freelancePsychic the Kobold Hedge Wizard began the quest
                  | for the Orb.
     0 | D:1      | Reached XP level 1. HP: 10/10 MP: 4/4
   189 | D:1      | Reached skill level 1 in Short Blades
   189 | D:1      | Reached XP level 2. HP: 14/16 MP: 6/6
   575 | D:1      | Reached skill level 1 in Fighting
   575 | D:1      | Reached XP level 3. HP: 20/20 MP: 7/7
   623 | D:1      | You fall into a shaft and drop 1 floor!
  1183 | D:2      | Reached XP level 4. HP: 25/25 MP: 8/8
  1749 | D:3      | Found a white marble altar of Elyvilon.
  1755 | D:3      | Became a worshipper of Elyvilon the Healer
  1936 | D:3      | Found a radiant altar of Vehumet.
  2363 | D:3      | Reached XP level 5. HP: 27/30 MP: 9/9
  2474 | D:3      | Reached skill level 1 in Invocations
  2788 | D:3      | Found a hazy altar of Hepliaklqana.
  2925 | D:3      | Reached skill level 1 in Evocations
  3016 | D:4      | Reached * piety under Elyvilon
  3026 | D:4      | Found a glowing golden altar of the Shining One.
  3105 | D:4      | Reached XP level 6. HP: 26/35 MP: 10/10
  3201 | D:4      | Found a shimmering blue altar of Sif Muna.
  3634 | D:4      | Found an ornate altar of the Wu Jian Council.
  3848 | D:5      | Entered Level 5 of the Dungeon
  3911 | D:5      | Noticed Ijyb
  3913 | D:5      | Killed Ijyb
  3997 | D:5      | Found a runed translucent door.
  4000 | D:5      | Noticed Crazy Yiuf
  4040 | D:5      | Reached ** piety under Elyvilon
  4104 | D:5      | Noticed a steam dragon
  4236 | D:5      | Noticed Menkaure
  4238 | D:5      | Killed Menkaure
  4239 | D:5      | Reached skill level 5 in Short Blades
  4239 | D:5      | Reached XP level 7. HP: 40/40 MP: 11/11
  4727 | D:5      | Reached XP level 8. HP: 48/48 MP: 12/12
  5440 | D:6      | Reached *** piety under Elyvilon
  5465 | D:6      | Found a hide-covered altar of Uskayaw.
  5697 | D:6      | Found a staircase to the Ecumenical Temple.
  5773 | D:6      | Found a shadowy altar of Dithmenos.
  5781 | D:6      | Found a basalt altar of Yredelemnul.
  5781 | D:6      | Found a sparkling altar of Nemelex Xobeh.
  5933 | D:6      | Found a bloodstained altar of Trog.
  6022 | D:6      | Found an opulent altar of Gozag.
  6050 | D:6      | Found a shimmering altar of Xom.
  6050 | D:6      | Found a burning altar of Makhleb.
  6388 | D:7      | Reached skill level 5 in Invocations
  6388 | D:7      | Reached XP level 9. HP: 53/53 MP: 13/13
  6530 | D:7      | Noticed Joseph
  6771 | D:7      | Reached skill level 5 in Fighting
  6803 | D:7      | Killed Joseph
  6900 | D:7      | Found Keastain's Magic Scroll Boutique.
  6920 | D:7      | Bought a scroll of identify for 28 gold pieces
  6920 | D:7      | Bought a scroll of identify for 28 gold pieces
  6920 | D:7      | Bought a scroll of identify for 28 gold pieces
  6927 | D:7      | Noticed Maggie
  7299 | D:7      | Reached skill level 10 in Short Blades
  7600 | D:8      | Reached skill level 5 in Dodging
  7859 | D:8      | Reached XP level 10. HP: 54/60 MP: 15/15
  8074 | D:8      | Noticed a boulder beetle
  8147 | D:8      | Noticed a centaur warrior
  8468 | D:7      | Noticed Maggie
  8468 | D:7      | Maggie changed into Maggie the acid dragon
  8470 | D:7      | Pacified Maggie the acid dragon
  8529 | D:7      | Found an ancient bone altar of Kikubaaqudgha.
  9397 | D:9      | Found a glowing silver altar of Zin.
  9951 | D:9      | Found a staircase to the Orcish Mines.
 10080 | D:9      | Reached skill level 5 in Stealth
 10447 | D:9      | Reached XP level 11. HP: 44/68 MP: 18/18
 10872 | D:10     | Entered Level 10 of the Dungeon
 11102 | D:10     | Noticed Urug
 11169 | D:10     | Identified the +8 trident "Killer Bee's Bane" {spect, *Slow
                  | Int+9}
 11483 | D:10     | Killed Erolcha
 11700 | D:11     | Found Xaidurr's Antique Armour Emporium.
 11705 | D:11     | Bought a scorched cloak for 294 gold pieces
 11705 | D:11     | Identified the +0 cloak of the Cockatrice {rElec Stlth+}
                  | (You bought it in a shop on level 11 of the Dungeon)
 11728 | D:11     | Found Tutwe's Assorted Antiques.
 11728 | D:11     | Reached **** piety under Elyvilon
 11733 | D:11     | Bought a scroll labelled SUSABR FUSYGE for 23 gold pieces
 11786 | D:11     | Found Woicox's Antique Weapon Shoppe.
 11849 | D:11     | Found a frozen archway.
 12082 | IceCv    | Entered an ice cave
 13306 | IceCv    | Noticed a bog body
 13306 | IceCv    | Noticed a bog body
 13607 | IceCv    | Killed a bog body
 13788 | IceCv    | Killed a bog body
 13808 | IceCv    | Identified the amulet of the Prince {Reflect -Tele rC++
                  | Str+3 SH+5}
 13840 | IceCv    | Reached skill level 10 in Fighting
 13840 | IceCv    | Reached skill level 10 in Dodging
 13944 | D:11     | Reached XP level 12. HP: 77/77 MP: 19/19
 13952 | D:11     | Noticed an eight-headed hydra
 14061 | D:11     | Noticed a skeletal warrior
 14073 | D:11     | Reached skill level 10 in Stealth
 14879 | D:11     | Noticed a skeletal warrior
 14893 | D:11     | Found a staircase to the Lair.
 14899 | Lair:1   | Entered Level 1 of the Lair of Beasts
 15113 | Lair:1   | Noticed a four-headed hydra
 15117 | Lair:1   | Killed a four-headed hydra
 15772 | Lair:2   | Found a gate leading to a gauntlet.
 15779 | Gauntlet | Entered a Gauntlet
 15779 | Gauntlet | Found a transporter.
 15782 | Gauntlet | Found a transporter.
 15788 | Gauntlet | Found a transporter.
 15804 | Gauntlet | Found a runed translucent door.
 15826 | Gauntlet | Found a transporter.
 15833 | Gauntlet | Reached ***** piety under Elyvilon
 15845 | Gauntlet | Found a transporter.
 15852 | Gauntlet | Noticed a death scarab
 15855 | Gauntlet | Found a transporter.
 15856 | Gauntlet | Noticed a death scarab
 15865 | Gauntlet | Found a transporter.
 15883 | Gauntlet | Found a transporter.
 15903 | Gauntlet | Found a transporter.
 15908 | Gauntlet | Noticed a death scarab
 15915 | Gauntlet | Found a transporter.
 16025 | Gauntlet | Noticed a fire crab
 16032 | Gauntlet | Noticed a swamp dragon
 16032 | Gauntlet | a fire crab changed into a swamp dragon
 16034 | Gauntlet | Noticed a fire crab
 16034 | Gauntlet | an elephant changed into a fire crab
 16036 | Gauntlet | a fire crab changed into a dream sheep
 16107 | Gauntlet | Pacified a death scarab
 16122 | Gauntlet | Identified the amulet of Accord {Faith MP+9 Int+3 Dex+4}
 16136 | Gauntlet | Found a transporter.
 16136 | Gauntlet | Found a transporter.
 16211 | Gauntlet | Found a transporter.
 16217 | Gauntlet | Found a transporter.
 16247 | Gauntlet | Identified the ring of the Past {rF+ EV+4}
 16598 | Gauntlet | Identified the amulet "Cire" {Faith Contam rPois Regen+}
 16674 | Gauntlet | Identified the +5 dagger of Causality {speed, *Rage rPois
                  | rC++ Dex+3}
 16674 | Gauntlet | Noticed a minotaur
 16692 | Gauntlet | Identified the +0 dagger "Dash" {vorpal, Fly Str+4 Dex-4
                  | SInv}
 16820 | Lair:2   | Found a staircase to the Swamp.
 16853 | Lair:2   | Noticed Amaemon
 16869 | Lair:1   | Reached XP level 13. HP: 30/86 MP: 20/20
 16872 | Lair:1   | Reached skill level 1 in Shields
 17324 | Lair:2   | You fall into a shaft and drop 2 floors!
 17354 | Lair:3   | Noticed a five-headed hydra
 17363 | Lair:3   | Pacified a five-headed hydra
 17364 | Lair:3   | Reached skill level 10 in Invocations
 17487 | Lair:3   | Noticed Gastronok
 17590 | Lair:3   | Noticed Nessos
 17594 | Lair:3   | Killed Nessos
 17667 | Lair:3   | Noticed Prince Ribbit
 17680 | Lair:3   | Killed Prince Ribbit
 17698 | Lair:3   | Reached skill level 5 in Shields
 17746 | Lair:3   | Found a dark tunnel.
 17751 | Volcano  | Entered a volcano
 18026 | Volcano  | Found a radiant altar of Vehumet.
 18140 | Volcano  | Noticed a fire dragon
 18146 | Volcano  | Pacified a fire dragon
 18324 | D:11     | Bought a slimy short sword for 184 gold pieces
 18324 | D:11     | Identified the +7 short sword of Conflict {venom, rPois
                  | MP+9} (You bought it in a shop on level 11 of the Dungeon)
 18359 | D:11     | Bought a scroll of enchant armour for 172 gold pieces
 18886 | Lair:2   | Killed Amaemon
 18995 | Lair:3   | Noticed an eight-headed hydra
 19002 | Lair:2   | Reached XP level 14. HP: 94/94 MP: 22/22
 19525 | Lair:3   | Found a staircase to the Snake Pit.
 19611 | Lair:4   | Found a viscous altar of Jiyva.
 20255 | Lair:4   | Found a staircase to the Slime Pits.
 20817 | Lair:5   | Entered Level 5 of the Lair of Beasts
 21878 | Lair:5   | Reached ****** piety under Elyvilon
 22095 | Lair:5   | Reached XP level 15. HP: 85/100 MP: 24/24
 22782 | Lair:5   | Identified the +3 ring mail of Nuhyseb {rF+ rC- Dex+8}
 23573 | D:12     | Noticed Rupert
 23633 | D:10     | Killed Urug
 25029 | D:5      | Killed Crazy Yiuf
 25548 | D:12     | Slain by a very large slime creature

Illustrated notes

Levels and vault maps discovered:
D:1:      dpeg_arrival_castle, layout_rooms, dreamdust_ecumenical_altar_statues,
          serial_curves, eino_curves_03, eino_curves_01, eino_curves_02
D:2:      layout_loops_ring, minmay_misc_feat_doors
D:3:      layout_loops_corners, mainiacjoe_overflow_concentric_impassable,
          lemuel_round_altar, fiery_altar_vehumet
D:4:      layout_rooms, mainiacjoe_overflow_six_doors_small,
          nicolae_wu_jian_glorious_leap, nicolae_tso_besieged_by_evil
D:5:      kennysheep_steamy, layout_loops_corners,
          amcnicky_mini_corridor_feature, uniq_ijyb, uniq_crazy_yiuf_cottage,
          uniq_menkaure
D:6:      layout_basic, grunt_temple_overflow_champion_of_chaos,
          grunt_gozag_statues, marbit_many_paths, grunt_temple_overflow_open,
          nicolae_overflow_crystal_walls, minmay_temple_entry_stoned_glass,
          minmay_lizard_king
D:7:      layout_rooms, overflow_temple_1_default, serial_shops,
          nicolae_shop_behind_doors, uniq_maggie, uniq_joseph
D:8:      minmay_bloctagon_deflated, layout_basic, hangedman_decor_lopped
D:9:      layout_stronghold, mainiacjoe_overflow_chevrons, david_orc_3,
          abandoned_shop, minmay_fractal_squares_gapless_5
D:10:     layout_loops_ring, minivault_16, uniq_urug, uniq_erolcha
D:11:     layout_irregular_city, minmay_lair_entry_grove,
          portal_ice_cave_entry_imps, serial_shops, shop_fountains, shop,
          kennysheep_mini, st_stairs_7, hangedman_incinerator
D:12:     minmay_the_grid_plus_closed [minmay_the_grid_all_tris,
          minmay_the_grid_plusring, minmay_the_grid_square_x,
          minmay_the_grid_gridbox, minmay_the_grid_prize_big_room],
          layout_basic, uniq_rupert, uniq_psyche, uniq_kirke
Lair:1:   layout_chaotic_city
Lair:2:   layout_roguey, skrybe_swamp_entry_bodies, gauntlet_entry_generic,
          st_stairs_8, serial_bayou_lake_a, uniq_amaemon
Lair:3:   layout_small_grid, minmay_snake_entry_guardpost_large,
          enter_volcano_1, lemuel_fruit_fields, uniq_gastronok, uniq_nessos,
          uniq_prince_ribbit2
Lair:4:   layout_layer_cave, nicolae_slime_entry_slimehenge, minivault_11
Lair:5:   due_jungle_book, layout_gridlike, minmay_shattered_shrine,
          serial_bayou_shore_a

Skill      XL: |  1  2  3  4  5  6  7  8  9 10 11 12 13 14 15 |
---------------+----------------------------------------------+-----
Short Blades   | 1 2 3 4 5 7 8 10 | 10.0
Stealth        | 3 4 5 9 12 13 14 | 14.0
Fighting       | 1 2 3 4 6 8 10 12 13 14 | 14.5
Dodging        | 3 5 7 10 12 | 12.2
Invocations    | 1 2 5 7 9 11 12 13 | 13.9
Evocations     | 1 2 3 |  3.0
Shields        | 6 8 9 |  9.3
Spellcasting   | |  3.2
Conjurations   | |  1.0
Summonings     | |  1.0
Translocations | |  1.0

Action                   |  1- 3 |  4- 6 |  7- 9 | 10-12 | 13-15 || total
-------------------------+-------+-------+-------+-------+-------++-------
Melee: Dagger            |    50 |   179 |   275 |   798 |  1668 ||  2970
       Punch             |       |     4 |     3 |    16 |       ||    23
 Cast: Magic Dart        |    20 |    39 |     1 |     7 |     3 ||    70
Invok: Heal Other        |       |       |    11 |    12 |    23 ||    46
       Purification      |       |       |     1 |       |     1 ||     2
       Heal Self         |       |       |       |     2 |     7 ||     9
Evoke: Wand              |       |     6 |     5 |    20 |     1 ||    32
       Phantom mirror    |       |       |       |     1 |       ||     1
       Tin of tremorston |       |       |       |     2 |       ||     2
  Use: Scroll            |       |     4 |    11 |    19 |     6 ||    40
       Potion            |       |       |     2 |     6 |     3 ||    11
 Stab: Sleeping          |    10 |    10 |    14 |    43 |    37 ||   114
       Distracted        |       |     1 |     1 |       |     9 ||    11
       Invisible         |       |       |       |     1 |       ||     1
       Paralysed         |       |       |       |     1 |     1 ||     2
Armor: Robe              |     3 |    18 |       |       |       ||    21
       Leather armour    |       |     1 |    23 |    21 |       ||    45
       Skin              |       |       |     8 |       |       ||     8
       Steam dragon scal |       |       |       |    66 |   187 ||   253
Dodge: Dodged            |    25 |   118 |   108 |   409 |  1120 ||  1780
Block: Other             |       |       |       |   117 |       ||   117
       Reflection        |       |       |       |     3 |       ||     3
       Kite shield       |       |       |       |       |   831 ||   831
